 Dungeon Crawl Stone Soup version 0.21-a0-26-g7b23a2f (webtiles) character file.

4797 grindst0ne the Basher (level 10, -8/240 HPs)
             Began as an Ogre Berserker on May 25, 2017.
             Was an Elder of Trog.
             Mangled by a red ugly thing (19 damage)
             ... on level 8 of the Dungeon.
             The game lasted 00:22:12 (10109 turns).

grindst0ne the Basher (Ogre Berserker)             Turns: 10109, Time: 00:22:13

Health: -8/240     AC: 25    Str: 31    XL:     10   Next: 48%
Magic:  10/10      EV:  1    Int:  8    God:    Trog [****..]
Gold:   86         SH:  0    Dex:  8    Spells: 9/9 levels left

rFire    . . .     SeeInvis .   x - +0 giant spiked club
rCold    . . .     Gourm    .   (shield currently unavailable)
rNeg     + + +     Faith    .   (armour currently unavailable)
rPois    +         Spirit   .   (helmet currently unavailable)
rElec    .         Reflect  .   (cloak currently unavailable)
rCorr    .         Harm     .   (gloves unavailable)
MR       +....     NoTele   +   (boots unavailable)
Stlth    ..........             o - amulet of magic regeneration
Regen    0.5/turn               D - ring of flight
MPRegen  0.2/turn               (no ring)

@: mighty, berserking, tree-form, very quick
A: unfitting armour, mutation resistance 1
a: Berserk, Trog's Hand, Brothers in Arms, Burn Spellbooks, Renounce Religion


You were on level 8 of the Dungeon.
You worshipped Trog.
Trog was greatly pleased with you.
You were hungry.
You were a tree.
You visited 1 branch of the dungeon, and saw 8 of its levels.

You collected 374 gold pieces.
You spent 288 gold pieces at shops.

Inventory:

Hand Weapons
 g - a +2 flail of distortion
 u - a +0 blowgun
 x - a +0 giant spiked club (weapon)
Armour
 b - a +1 animal skin (melded)
Jewellery
 h - an uncursed ring of resist corrosion
 o - an amulet of magic regeneration (around neck)
 D - a ring of flight (left branch)
Scrolls
 d - a scroll of remove curse
 f - a scroll of teleportation
 F - a scroll of enchant weapon
Potions
 e - 6 potions of curing
 i - 2 potions of agility
 s - a potion of magic
 t - 2 potions of flight
 v - a potion of might
Comestibles
 a - 2 chunks of flesh
 c - 3 bread rations
 m - 2 meat rations
 n - 2 royal jellies
 q - 4 fruits


   Skills:
 + Level 9.1 Fighting
 * Level 11.7 Maces & Flails
 * Level 9.1 Dodging


You had 9 spell levels left.
You didn't know any spells.

Dungeon Overview and Level Annotations

Branches:
Dungeon (8/15)             Temple (0/1) D:7
   Lair: D:8-11

Altars:
Ashenzari
Cheibriados
Dithmenos
Elyvilon
Fedhas
Kikubaaqudgha
Qazlal
Ru
Sif Muna
Uskayaw
The Shining One

Shops:
D:7 !(*([


Innate Abilities, Weirdness & Mutations

You are too large for most types of armour.
((You have tough skin. (AC +1)))
You are somewhat resistant to further mutation.
((Your system is resistant to poisons. (rPois)))


Message History

The red ugly thing engulfs you but does no damage.
You barely miss the red ugly thing.
The red ugly thing is severely wounded.
The red ugly thing engulfs you but does no damage.
A red film seems to cover your vision as you go berserk!
You feel yourself moving faster!
You feel mighty!
You are feeling hungry.
The red ugly thing engulfs you.
* * * LOW HITPOINT WARNING * * *
You are engulfed in flames!
* * * LOW HITPOINT WARNING * * *
You barely miss the red ugly thing.
The red ugly thing is severely wounded.
The red ugly thing engulfs you but does no damage.
You puncture the red ugly thing!
The red ugly thing is almost dead.
The red ugly thing engulfs you!
* * * LOW HITPOINT WARNING * * *
You are engulfed in flames!!
You die...

......##...#
#...#
.####......##
##..##
.......#...#
#=..##
#####....##
##.... ##...#
#.... #..##
##... #).#
#..# #.####
#.## ##.#
.....##u♣#
(.# #.....##
#..# #.#....#
...# #
#....## #..##
###...# ...
##..# #..#
#.(.# ....#
..#...#


You could see a red ugly thing.

Vanquished Creatures
  A hippogriff (D:8)
  Menkaure (D:4)
  2 sky beasts
  An ice beast (D:8)
  A black bear (D:6)
  An orc warrior (D:8)
  A phantom (D:7)
  5 ogres
  A big kobold (D:7)
  4 bullfrogs
  2 scorpions
  A howler monkey (D:4)
  3 crimson imps
  A bullfrog zombie (D:5)
  5 orc priests
  A bullfrog skeleton (D:7)
  3 hounds
  3 orc wizards
  3 centaur skeletons
  3 iguanas
  6 worker ants
  2 hound skeletons
  3 gnolls (D:4)
  18 adders
  An ooze (D:1)
  2 adder zombies
  2 adder skeletons
  4 worms
  4 dart slugs
  7 leopard geckos
  26 orcs
  6 ball pythons
  4 giant cockroaches
  6 goblins
  8 hobgoblins
  11 jackals
  10 kobolds
  2 quokkas
  8 bats
  9 frilled lizards
  A quokka zombie (D:6)
  4 rats
187 creatures vanquished.

Notes
Turn   | Place    | Note
-------+----------+-------------------------------------------
     0 | D:1      | grindst0ne the Ogre Berserker began the quest for the Orb.
     0 | D:1      | Reached XP level 1. HP: 24/24 MP: 1/1
   106 | D:1      | Reached XP level 2. HP: 32/32 MP: 2/2
   237 | D:1      | Reached skill level 3 in Maces & Flails
   378 | D:1      | Reached XP level 3. HP: 39/39 MP: 3/3
   642 | D:1      | Reached ** piety under Trog
  1378 | D:2      | Reached XP level 4. HP: 47/49 MP: 4/4
  1910 | D:2      | Found a white marble altar of Elyvilon.
  2075 | D:2      | Found a glowing golden altar of the Shining One.
  2530 | D:3      | Found an ancient bone altar of Kikubaaqudgha.
  2696 | D:3      | Reached XP level 5. HP: 49/55 MP: 5/5
  3015 | D:3      | Reached skill level 5 in Fighting
  3862 | D:4      | Noticed Menkaure
  3878 | D:4      | Killed Menkaure
  3878 | D:4      | Reached skill level 5 in Dodging
  3878 | D:4      | Reached XP level 6. HP: 46/67 MP: 6/6
  4373 | D:4      | Found a stormy altar of Qazlal.
  4781 | D:4      | Reached XP level 7. HP: 49/75 MP: 7/7
  5109 | D:4      | Found a faded altar of an unknown god.
  5109 | D:4      | Found a shattered altar of Ashenzari.
  5114 | D:4      | Found a faded altar of an unknown god.
  5116 | D:4      | Found a hide-covered altar of Uskayaw.
  5118 | D:4      | Found a shadowy altar of Dithmenos.
  5193 | D:4      | Reached *** piety under Trog
  5759 | D:4      | Found a deep blue altar of Sif Muna.
  6142 | D:4      | Gained mutation: You have a somewhat thin skeletal structure. (Dex +2, Stealth) [potion of mutation]
  6142 | D:4      | Gained mutation: You possess an exceptional clarity of mind. [potion of mutation]
  6142 | D:4      | Gained mutation: You have sharp toenails. [potion of mutation]
  6169 | D:5      | Entered Level 5 of the Dungeon
  6466 | D:5      | Found a sacrificial altar of Ru.
  6847 | D:5      | Reached XP level 8. HP: 50/87 MP: 8/8
  8097 | D:6      | Reached skill level 4 in Maces & Flails
  8226 | D:6      | Reached **** piety under Trog
  8258 | D:6      | Reached XP level 9. HP: 92/97 MP: 9/9
  8335 | D:6      | Found a blossoming altar of Fedhas.
  8362 | D:6      | Found a snail-covered altar of Cheibriados.
  8899 | D:7      | Found Xoim's Distillery.
  9060 | D:7      | Found Talast's Weapon Emporium.
  9070 | D:7      | Bought 2 potions of mutation for 192 gold pieces
  9070 | D:7      | Bought a potion of mutation for 96 gold pieces
  9070 | D:7      | Lost mutation: You possess an exceptional clarity of mind. [potion of mutation]
  9070 | D:7      | Lost mutation: You have sharp toenails. [potion of mutation]
  9070 | D:7      | Lost mutation: You have a somewhat thin skeletal structure. (Dex +2, Stealth) [potion of mutation]
  9070 | D:7      | Gained mutation: You evolve. [potion of mutation]
  9070 | D:7      | Gained mutation: Your flesh is cold resistant. (rC+) [potion of mutation]
  9071 | D:7      | Lost mutation: Your flesh is cold resistant. (rC+) [potion of mutation]
  9071 | D:7      | Lost mutation: You evolve. [potion of mutation]
  9071 | D:7      | Gained mutation: Your spells are a little harder to cast, but a little more powerful. [potion of mutation]
  9071 | D:7      | Gained mutation: You are surrounded by a mild repulsion field. (EV +2) [potion of mutation]
  9072 | D:7      | Lost mutation: Your spells are a little harder to cast, but a little more powerful. [potion of mutation]
  9072 | D:7      | Lost mutation: You are surrounded by a mild repulsion field. (EV +2) [potion of mutation]
  9072 | D:7      | Gained mutation: You are somewhat resistant to further mutation. [potion of mutation]
  9072 | D:7      | Gained mutation: Your mind is acute. (Int +2) [potion of mutation]
  9072 | D:7      | Gained mutation: You are somewhat resistant to both further mutation and mutation removal. [potion of mutation]
  9104 | D:7      | Found Pantose's Assorted Antiques.
  9268 | D:7      | Reached skill level 11 in Maces & Flails
  9268 | D:7      | Reached XP level 10. HP: 98/106 MP: 10/10
  9275 | D:7      | Found Fiureawn's Weapon Shop.
  9335 | D:7      | Found Xuthrecwu's Armour Shoppe.
  9453 | D:7      | Found a staircase to the Ecumenical Temple.
  9716 | D:7      | Lost mutation: You are somewhat resistant to both further mutation and mutation removal. [potion of mutation]
  9716 | D:7      | Lost mutation: Your mind is acute. (Int +2) [potion of mutation]
  9716 | D:7      | Gained mutation: Your system is resistant to poisons. (rPois) [potion of mutation]
 10088 | D:8      | Noticed a red ugly thing
 10109 | D:8      | HP: 11/240 [red ugly thing (7)]
 10109 | D:8      | Mangled by a red ugly thing

Vault maps used:
D:1:      dpeg_arrival_pits
D:2:      lemuel_crystal_altar, hangedman_decor_lopped, hex_large,
          nicolae_tso_swordbearing_angel
D:3:      kiku_gazebo_garden_becter, first_bread, minmay_shallow_snake_nest
D:4:      kennysheep_mini_moat, lemuel_blue_sif_altar,
          chequers_temple_overflow_minitemple, uniq_menkaure
D:5:      nicolae_ru_path_of_blood
D:6:      kennysheep_slug_shrine, lemuel_round_altar
D:7:      minmay_temple_entry_large_hall, serial_shops, shop, shop_fountains,
          nicolae_shop_window_shopping, nicolae_shop_crystal, shop
D:8:      minmay_diamond_stairs, marbit_many_paths

Skill      XL: |  1  2  3  4  5  6  7  8  9 10 |
---------------+-------------------------------+-----
Dodging        | 3 4 5 7 8 9 |  9.1
Maces & Flails | 3 4 11 | 11.7
Fighting       | 5 6 7 8 9 |  9.1

Action                   |  1- 3 |  4- 6 |  7- 9 | 10-12 || total
-------------------------+-------+-------+-------+-------++-------
Melee: Mace              |   102 |    82 |       |       ||   184
       War axe           |       |   128 |   306 |       ||   434
       Kick              |       |       |    57 |       ||    57
       Giant spiked club |       |       |       |    81 ||    81
Invok: Berserk           |     1 |     1 |     8 |     4 ||    14
  Use: Scroll            |       |       |    18 |     1 ||    19
       Potion            |       |       |     5 |     3 ||     8
 Stab: Sleeping          |     1 |       |     1 |       ||     2
  Eat: Chunk             |     3 |    11 |    22 |     7 ||    43
Armor: Animal skin       |    33 |    68 |    84 |    15 ||   200
       Skin              |       |       |       |     5 ||     5
Dodge: Dodged            |    79 |   161 |   226 |    58 ||   524
